 Dungeon Crawl Stone Soup version 0.24-a0-497-g5a03d68f59 (webtiles) character file.

Game seed: 15934665929271793432

7844 tilp the Zephyrmancer (level 11, 0/72 HPs)
             Began as a Tengu Air Elementalist on July 12, 2019.
             Was an Elder of Sif Muna.
             Killed by vampiric draining
             ... invoked by a vampire
              (1 damage)
             ... on level 10 of the Dungeon on July 13, 2019.
             The game lasted 00:46:56 (12349 turns).

tilp the Zephyrmancer (Tengu Air Elementalist)     Turns: 12349, Time: 00:46:57

Health: 0/72       AC:  3    Str:  9    XL:     11   Next: 21%
Magic:  0/24       EV: 18    Int: 25    God:    Sif Muna [****..]
Gold:   473        SH:  5    Dex: 15    Spells: 3/26 levels left

rFire    . . .     SeeInvis +   a - +7 dagger "Gafetarode" {flame, Int+8 SInv Stlth-}
rCold    . . .     Gourm    .   v - +0 buckler
rNeg     . . .     Faith    +   j - +0 leather armour
rPois    .         Spirit   .   p - +0 hat
rElec    .         Reflect  .   (no cloak)
rCorr    .         Harm     .   (no gloves)
MR       .....                  (boots unavailable)
Stlth    +.........             l - amulet of faith
HPRegen  0.22/turn              x - +5 ring of intelligence
MPRegen  0.19/turn              D - -6 ring of intelligence (curse)

@: flying quickly and evasively, quick
A: beak, talons 3, able to fly
a: Stop Flying, Channel Magic, Forget Spell, Divine Exegesis, Renounce Religion


You were on level 10 of the Dungeon.
You worshipped Sif Muna.
Sif Muna was greatly pleased with you.
You were hungry.

You visited 2 branches of the dungeon, and saw 11 of its levels.

You collected 473 gold pieces.

Inventory:

Hand Weapons
 a - the +7 dagger "Gafetarode" (weapon) {flame, Int+8 SInv Stlth-}
   (You took it off an orc priest on level 9 of the Dungeon)

   It has been specially enchanted to burn those struck by it, causing extra
   injury to most foes and up to half again as much damage against particularly
   susceptible opponents.
   It affects your intelligence (+8).
   It lets you see invisible.
   It makes you less stealthy.
 E - a +1 war axe of chopping
 L - a +1 dagger of venom
Missiles
 g - 42 poisoned darts
 C - 3 throwing nets
 J - 8 curare-tipped darts (quivered)
Armour
 j - a +0 leather armour (worn)
 p - a +0 hat (worn)
 v - a +0 buckler (worn)
Jewellery
 e - an uncursed amulet of regeneration
 i - a cursed ring of teleportation {unknown}
 l - an amulet of faith (around neck)
 x - a +5 ring of intelligence (left hand)
 y - an uncursed ring of resist corrosion
 D - a cursed -6 ring of intelligence (right hand)
 K - an uncursed ring of ice {unknown}
Wands
 o - a wand of enslavement (6)
 q - a wand of clouds (6)
 B - a wand of random effects (13)
 G - a wand of flame (11)
 N - a wand of polymorph (7)
Scrolls
 d - 5 scrolls of enchant weapon
 f - a scroll of fear {unknown}
 h - 3 scrolls of amnesia
 k - 6 scrolls of teleportation
 n - a scroll of fog
 A - a scroll of magic mapping
 H - a scroll of brand weapon {unknown}
 I - a scroll of enchant armour {unknown}
Potions
 b - 7 potions of mutation
 m - a potion of curing
 r - a potion of lignification
 s - a potion of cancellation {unknown}
 t - 3 potions of haste
 u - 3 potions of agility
 w - a potion of resistance {unknown}
 z - a potion of brilliance
 F - a potion of degeneration {unknown}
Comestibles
 c - 20 rations


   Skills:
 - Level 9.8 Fighting
 - Level 6.0 Dodging
 - Level 2.0 Stealth
 - Level 4.1 Shields
 - Level 8.0 Spellcasting
 + Level 6.8 Conjurations
 - Level 10.1 Air Magic


You had 3 spell levels left.
You knew the following spells:

 Your Spells              Type           Power        Failure   Level  Hunger
a - Shock                 Conj/Air       ####         1%          1    None
b - Swiftness             Chrm/Air       #####...     1%          2    None
c - Static Discharge      Conj/Air       ######..     1%          3    None
d - Airstrike             Air            ######....   1%          4    ##.....
e - Lightning Bolt        Conj/Air       ######....   7%          5    ####...
f - Mephitic Cloud        Conj/Pois/Air  #####...     2%          3    None
g - Conjure Flame         Conj/Fire      ####....     6%          3    None
h - Blink                 Tloc           N/A          13%         2    None

Your spell library contained the following spells:

 Spells                   Type           Power        Failure   Level  Hunger
 Magic Dart               Conj           ####         1%          1    None
 Call Imp                 Summ           ##......     13%         2    None
 Slow                     Hex            ##......     13%         2    None


Dungeon Overview and Level Annotations

Branches:
Dungeon (10/15)            Temple (1/1) D:6            Lair (0/6) D:8
    Orc (0/2) D:9

Altars:
Ashenzari
Cheibriados
Dithmenos
Elyvilon
Fedhas
Gozag
Hepliaklqana
Kikubaaqudgha
Makhleb
Nemelex Xobeh
Okawaru
Qazlal
Ru
Sif Muna
Trog
Uskayaw
Vehumet
Wu Jian
Xom
Yredelemnul
Zin
The Shining One


Innate Abilities, Weirdness & Mutations

You have a beak for a mouth.
You have claws for feet.
You can fly continuously.


Message History

The vampire misses you. The vampire bites you.
* * * LOW HITPOINT WARNING * * *
The vampire draws strength from your injuries!
You hit the vampire but do no damage. You peck the vampire, but do no damage.
The vampire is almost destroyed.
The vampire closely misses you. The vampire bites you!
* * * LOW HITPOINT WARNING * * *
The vampire draws strength from your injuries!
You hit the vampire but do no damage.
The vampire is severely damaged.
The vampire closely misses you. You block the vampire's attack.
Casting: Airstrike (safe; 1% risk of failure)
Confirm with . or Enter, or press ? or * to list all spells.
Aiming: Shock (safe; 1% risk of failure)
Press: ? - help, Shift-Dir - straight line, f/p - vampire
Aim: a vampire (noxious fumes, severely damaged, slightly transparent)
The zap hits the vampire.
The vampire is severely damaged.
The vampire is infused with unholy energy.
You die...

#.# #.......# #. #.#
..# #.......# #. #.#
..# #.......# #. #.#
..# #....[.># #. #.#
.§# #.......# #. #.#
.○# #.......# #.#
§☼# #.......#
#.##V.###...<...#
#..@................
####################


You could see a vampire (invisible).

Vanquished Creatures
  Gastronok (D:9)
  2 gargoyles (D:10)
  A hornet (D:10)
  A hippogriff (D:7)
  Grum (D:8)
  2 hungry ghosts
  2 wargs (D:9)
  A water moccasin (D:9)
  3 porcupines (D:8)
  2 black bears
  A phantom (D:4)
  A hornet zombie (D:10)
  3 ogres
  4 wolves (D:8)
  4 centaurs
  3 crocodiles
  4 bullfrogs
  A scorpion (D:8)
  A water moccasin skeleton (D:4)
  18 killer bees
  3 wights (D:9)
  2 electric eels (D:9)
  2 howler monkeys
  4 crimson imps
  A quasit (D:9)
  A bullfrog zombie (D:5)
  7 orc priests
  4 hounds
  2 jellies
  A gnoll shaman (D:8)
  5 orc wizards
  A bullfrog skeleton (D:10)
  3 iguanas
  9 worker ants
  A hound zombie (D:7)
  A hound skeleton (D:9)
  A howler monkey zombie (D:7)
  13 gnolls
  9 adders
  2 shadow imps
  An ooze (D:3)
  An adder zombie (D:6)
  An adder skeleton (D:4)
  3 dart slugs
  4 worms
  A leopard gecko (D:1)
  32 orcs
  9 bats
  6 giant cockroaches
  4 goblins
  5 hobgoblins
  9 jackals
  3 quokkas
  A ball python (D:8)
  3 frilled lizards
  A jackal zombie (D:9)
  14 kobolds
  A quokka skeleton (D:8)
  A quokka zombie (D:6)
  6 rats
  4 fungi (D:9)
238 creatures vanquished.

Vanquished Creatures (others)
  57 fungi (D:8)
  33 plants (D:8)
90 creatures vanquished.

Grand Total: 328 creatures vanquished

Notes
Turn   | Place    | Note
-------+----------+-------------------------------------------
     0 | D:1      | tilp the Tengu Air Elementalist began the quest for the
                  | Orb.
     0 | D:1      | Reached XP level 1. HP: 10/10 MP: 4/4
    45 | D:1      | Reached skill level 1 in Fighting
   362 | D:1      | Reached XP level 2. HP: 16/16 MP: 3/6
   920 | D:1      | Reached XP level 3. HP: 22/22 MP: 3/7
  1043 | D:1      | Learned a level 2 spell: Swiftness
  1047 | D:1      | Learned a level 3 spell: Static Discharge
  1075 | D:2      | Noticed an ogre
  1679 | D:2      | Killed an ogre
  1679 | D:2      | Reached XP level 4. HP: 30/30 MP: 3/8
  1679 | D:2      | Gained mutation: You can fly continuously. [Tengu growth]
  1679 | D:2      | Reached XP level 5. HP: 34/34 MP: 3/9
  2453 | D:3      | Found a faded altar of an unknown god.
  3270 | D:4      | Reached skill level 1 in Shields
  3270 | D:4      | Reached XP level 6. HP: 28/39 MP: 0/10
  3472 | D:4      | Upgraded the game from 0.24-a0-493-g7e4ddcd485 to
                  | 0.24-a0-497-g5a03d68f59
  4140 | D:5      | Entered Level 5 of the Dungeon
  4140 | D:5      | Noticed a phantom
  4390 | D:5      | Reached XP level 7. HP: 33/44 MP: 4/11
  4396 | D:5      | Learned a level 4 spell: Airstrike
  4752 | D:4      | Reached skill level 5 in Air Magic
  4943 | D:5      | Reached skill level 6 in Air Magic
  5536 | D:6      | Found a snail-covered altar of Cheibriados.
  5744 | D:6      | Reached XP level 8. HP: 41/48 MP: 4/15
  6357 | D:6      | Found a staircase to the Ecumenical Temple.
  6447 | Temple   | Entered the Ecumenical Temple
  6588 | Temple   | Became a worshipper of Sif Muna the Loreminder
  6846 | D:7      | Noticed a hippogriff
  6849 | D:7      | Killed a hippogriff
  6849 | D:7      | Reached skill level 7 in Air Magic
  6985 | D:7      | Reached skill level 8 in Air Magic
  7407 | D:7      | Reached skill level 5 in Spellcasting
  7728 | D:8      | Reached * piety under Sif Muna
  7728 | D:8      | Reached XP level 9. HP: 46/52 MP: 4/18
  7890 | D:8      | Reached skill level 9 in Air Magic
  8225 | D:7      | Reached skill level 10 in Air Magic
  8232 | D:7      | Learned a level 5 spell: Lightning Bolt
  8952 | D:8      | Reached ** piety under Sif Muna
  8985 | D:8      | Found a staircase to the Lair.
  9003 | D:8      | Noticed Grum
  9031 | D:8      | Reached skill level 5 in Fighting
  9031 | D:8      | Reached XP level 10. HP: 51/59 MP: 15/23
  9136 | D:8      | Killed Grum
  9911 | D:9      | Reached skill level 5 in Dodging
 10511 | D:9      | Reached *** piety under Sif Muna
 10701 | D:9      | Identified the +7 dagger "Gafetarode" {flame, Int+8 SInv
                  | Stlth-}
 10705 | D:9      | Noticed Gastronok
 10729 | D:9      | Found a shimmering altar of Xom.
 10972 | D:8      | Learned a level 3 spell: Mephitic Cloud
 10976 | D:8      | Learned a level 3 spell: Conjure Flame
 10979 | D:8      | Learned a level 2 spell: Blink
 11116 | D:9      | Found a staircase to the Orcish Mines.
 11404 | D:9      | Killed Gastronok
 11404 | D:9      | Reached XP level 11. HP: 15/72 MP: 1/24
 11790 | D:9      | Found a shadowy altar of Dithmenos.
 12017 | D:10     | Entered Level 10 of the Dungeon
 12046 | D:10     | Reached skill level 5 in Conjurations
 12277 | D:10     | Reached **** piety under Sif Muna
 12347 | D:10     | HP: 1/72 [vampire (10)]
 12349 | D:10     | Killed from afar by a vampire

Levels and vault maps discovered:
D:1:      onia_arrival_mini_spirals, layout_loops_ring,
          minmay_misc_feat_diagonals
D:2:      layout_basic
D:3:      layout_rooms, chequers_ecumenical_altar_simple_redux
D:4:      layout_gridville
D:5:      layout_cave_pools, first_ration
D:6:      layout_basic, kennysheep_mini_moat, minmay_temple_entry_proselytizer
D:7:      layout_layer_cave, grunt_ogre_cave, kennysheep_generic_room_15
D:8:      layout_rooms, due_lair_maze_entry_diamond, uniq_grum
D:9:      layout_irregular_city, kennysheep_little_box, erik_orc_4, basic_altar,
          water_boxes_lemuel, uniq_gastronok
D:10:     layout_long_grid, serial_shops,
          nicolae_shop_temple_entry_statues_fountains
Temple:   regret_index_temple_chain_breaker

Skill      XL: |  1  2  3  4  5  6  7  8  9 10 11 |
---------------+----------------------------------+-----
Fighting       | 1 2 4 5 9 |  9.8
Dodging        | 4 6 |  6.0
Shields        | 1 3 4 |  4.1
Air Magic      | 6 8 10 | 10.1
Spellcasting   | 4 5 8 |  8.0
Conjurations   | 4 6 |  6.8
Stealth        | |  2.0

Action                   |  1- 3 |  4- 6 |  7- 9 | 10-12 || total
-------------------------+-------+-------+-------+-------++-------
Melee: Unarmed           |    11 |       |       |       ||    11
       Kick              |     1 |     5 |    28 |    43 ||    77
       Dagger            |       |    15 |   126 |   140 ||   281
       Peck              |       |     3 |    14 |    31 ||    48
Throw: Dart              |     4 |     8 |       |       ||    12
 Cast: Shock             |    51 |   155 |   158 |    80 ||   444
       Airstrike         |       |       |    31 |    68 ||    99
Invok: Channel Magic     |       |       |       |     2 ||     2
 Abil: Fly               |       |     1 |       |     1 ||     2
       Stop Flying       |       |       |       |     1 ||     1
Evoke: Wand              |       |       |       |     1 ||     1
  Use: Scroll            |     7 |     5 |     5 |     3 ||    20
       Potion            |       |     2 |       |     5 ||     7
 Stab: Sleeping          |       |       |     3 |       ||     3
  Eat: Chunk             |     3 |    11 |    17 |    13 ||    44
       Ration            |       |       |     1 |     1 ||     2
Armor: Robe              |     3 |     2 |     4 |       ||     9
       Leather armour    |     3 |       |     8 |    20 ||    31
Dodge: Dodged            |    23 |    42 |   139 |   130 ||   334
Block: Buckler           |       |       |    39 |    32 ||    71

Table legend:
 A = Non-vault XP
 B = Vault XP
 C = Vault XP percentage of total XP
 D = Non-vault monster count
 E = Vault monster count
 F = Vault count percentage of total count
                 A         B        C        D         E       F
            +---------+---------+-------+---------+---------+-------
      Total |    6467 |    4739 |  42.3 |     198 |      36 |  15.4
            +---------+---------+-------+---------+---------+-------
        D:1 |      37 |       0 |   0.0 |      24 |       0 |   0.0
        D:2 |     188 |       0 |   0.0 |      21 |       0 |   0.0
        D:3 |      83 |       0 |   0.0 |      17 |       0 |   0.0
        D:4 |     402 |       0 |   0.0 |      11 |       0 |   0.0
        D:5 |     262 |       0 |   0.0 |      12 |       0 |   0.0
        D:6 |     506 |      41 |   7.5 |      17 |       1 |   5.6
        D:7 |     479 |     393 |  45.1 |      12 |       3 |  20.0
        D:8 |    1373 |    1673 |  54.9 |      33 |      15 |  31.2
        D:9 |    1846 |    2632 |  58.8 |      42 |      17 |  28.8
       D:10 |    1291 |       0 |   0.0 |       9 |       0 |   0.0
            +---------+---------+-------+---------+---------+-------
